 Dungeon Crawl Stone Soup version 0.30-a0-1043-g60ff8d5f49 (webtiles) character file.

Game seed: 16605444142175021948

195 porpoise the Shooter (level 5, -1/32 HPs)
             Began as a Tengu Hunter on Apr 9, 2023.
             Slain by an ogre
             ... wielding a +0 giant spiked club
              (33 damage)
             ... on level 4 of the Dungeon on Apr 10, 2023.
             The game lasted 00:10:19 (2215 turns).

porpoise the Shooter (Tengu Hunter)                 Turns: 2215, Time: 00:10:20

Health: -1/32      AC:  6    Str: 12    XL:     5   Next: 74%
Magic:  6/6        EV: 13    Int:  9    God:
Gold:   133        SH:  0    Dex: 19    Spells: 4/4 levels left

rFire   . . .      SeeInvis .    a - +0 sling (elec)
rCold   + . .      Faith    .    (no shield)
rNeg    . . .      Spirit   .    k - +1 ring mail {rC+}
rPois   .          Reflect  .    (helmet restricted)
rElec   .          Rampage  .    (no cloak)
rCorr   .                        (no gloves)
Will    .....                    (boots unavailable)
Stlth   +                        (no amulet)
HPRegen 0.25/turn                (no ring)
MPRegen 0.10/turn                (no ring)

@: flying quickly and evasively, quick
A: beak, talons 3, nimble flight
a: no special abilities


You were on level 4 of the Dungeon.
You visited 1 branch of the dungeon, and saw 4 of its levels.

You collected 133 gold pieces.

Inventory:

Hand Weapons
 a - a +0 sling of electrocution (weapon)
 p - a +0 shortbow
Missiles
 n - 7 poisoned darts
Armour
 c - a +0 leather armour
 k - a +1 ring mail of cold resistance (worn)
Jewellery
 t - an amulet of magic regeneration
Wands
 l - a wand of flame (7)
Scrolls
 b - 2 scrolls of immolation
 d - a scroll of teleportation
 f - a scroll of silence {unknown}
 o - 2 scrolls of magic mapping
 r - a scroll of fog {unknown}
 s - a scroll of vulnerability {unknown}
Potions
 e - a potion of magic
 g - a potion of might {unknown}
 h - 3 potions of haste
 j - a potion of curing {unknown}
 m - a potion of mutation {unknown}
 q - 2 potions of heal wounds
 u - a potion of attraction {unknown}


   Skills:
 + Level 3.6 Fighting
 * Level 6.6 Ranged Weapons
 - Level 2.1 Dodging
 - Level 1.0 Stealth


You had 4 spell levels left.
You didn't know any spells.
Your spell library contained the following spells:

 Spells                   Type           Power      Damage    Failure   Level
 Shock                    Conj/Air       0%         1d3       67%         1
 Swiftness                Air            0%         N/A       95%         3
 Airstrike                Air            0%         2d(0-16)  100%        4
 Alistair's Intoxication  Tmut/Pois      0%         N/A       100%        5
 Borgnjor's Vile Clutch   Necr/Erth      0%         N/A       100%        5
 Eringya's Noxious Bog    Tmut/Pois      0%         N/A       100%        6


Dungeon Overview and Level Annotations

Branches:
Dungeon (4/15)
 Temple: D:4-7

Altars:
Dithmenos
Fedhas
Wu Jian

Shops:
D:2 [


Innate Abilities, Weirdness & Mutations

You have a beak for a mouth.
You have claws for feet.
Your magical nature lets you fly swiftly and evasively.


Message History

h - 3 potions of haste
As you read the scroll of identify, it crumbles to dust.
q - 2 potions of heal wounds
As you read the scroll of identify, it crumbles to dust.
e - a potion of magic
As you read the scroll labelled QEPSAI RI HYSHRO, it crumbles to dust.
You feel aware of your surroundings.
You sensed 1 shop/portal.
It was a scroll of magic mapping.
As you read the scroll labelled VOLAWA IBBOA, it crumbles to dust.
You feel strangely unstable.
It was a scroll of teleportation.
You fly upwards.
Your surroundings suddenly seem different.
There is a stone staircase leading down here.
(D) Dungeon
Where to? (Enter - D:4, ? - help)
There is a stone staircase leading down here.
You fly downwards.
There is a stone staircase leading up here.
A giant cockroach comes into view.
You shoot a sling bullet.
The sling bullet hits the giant cockroach.
Lightning courses through the giant cockroach!
You kill the giant cockroach!
An ogre comes into view. It is wielding a +0 giant spiked club.
Found 7 gold pieces.
You shoot a sling bullet.
The sling bullet barely misses the ogre.
The ogre shouts!
You shoot a sling bullet.
The sling bullet hits the ogre but does no damage.
You shoot a sling bullet. The sling bullet hits the ogre.
Lightning courses through the ogre!
The ogre is heavily wounded.
You shoot a sling bullet. The sling bullet hits the ogre.
The ogre is severely wounded.
You shoot a sling bullet. The sling bullet hits the ogre!
The ogre is almost dead.
The ogre hits you with a +0 giant spiked club!!
Ouch! That really hurt!
You die...

#..........### **,**
#............## **,**
##.............# *,,***
#.......<......# **,,,,,
##.............# **,,,,,,
##............# *,,,,,,,
#..........### **,,,,,,,
##.........### **,,,,,,,,
#.....####@.#*****,,*,,,,,,
####### #O..#*,∩,,,,,,<,,,
**#......,***,,,,,,,
***,......##* ****,,,,
***,,,......#* ****,
*,,,,........# **
*,,,,........#
*,,,.....$...#
**,,,,,,,,,,,**


You could see an ogre.

Vanquished Creatures
  Jessica (D:2)
  Terence (D:2)
  An iguana (D:4)
  4 gnolls (D:2)
  2 adders
  A worm (D:3)
  An orc (D:4)
  6 endoplasms
  5 giant cockroaches
  7 goblins
  6 hobgoblins
  2 jackals (D:3)
  2 quokkas (D:1)
  3 ball pythons
  8 bats
  2 frilled lizards (D:2)
  4 kobolds
  6 rats
62 creatures vanquished.

Notes
Turn   | Place    | Note
-------+----------+-------------------------------------------
     0 | D:1      | porpoise the Tengu Hunter began the quest for the Orb.
     0 | D:1      | Reached XP level 1. HP: 12/12 MP: 2/2
   309 | D:1      | Reached XP level 2. HP: 7/17 MP: 3/3
   789 | D:2      | Reached skill level 5 in Ranged Weapons
   866 | D:2      | Reached XP level 3. HP: 22/22 MP: 4/4
   992 | D:2      | Found Wipsic's Armour Shop.
  1043 | D:2      | Noticed Terence
  1055 | D:2      | Killed Terence
  1056 | D:2      | Reached XP level 4. HP: 11/27 MP: 5/5
  1187 | D:2      | Reached skill level 6 in Ranged Weapons
  1221 | D:2      | Noticed Jessica
  1226 | D:2      | Killed Jessica
  1227 | D:2      | Gained mutation: Your magical nature lets you fly swiftly
                  | and evasively. [Tengu growth]
  1227 | D:2      | Reached XP level 5. HP: 21/32 MP: 6/6
  1508 | D:3      | Found an ornate altar of the Wu Jian Council.
  1508 | D:3      | Found a blossoming altar of Fedhas.
  1694 | D:3      | Found a faded altar of an unknown god.
  1888 | D:3      | Found a shadowy altar of Dithmenos.
  1906 | D:3      | Upgraded the game from 0.30-a0-1035-g38d5fb2972 to
                  | 0.30-a0-1043-g60ff8d5f49
  2210 | D:4      | Noticed an ogre
  2215 | D:4      | Slain by an ogre

Illustrated notes

Levels and vault maps discovered:
D:1:      roderic_octagonal_star, layout_loops_ring,
          nicolae_concentric_dashed_squares_mild
D:2:      layout_rooms, serial_shops, nicolae_shop_window_shopping,
          kennysheep_generic_room_9, uniq_terence, uniq_jessica
D:3:      layout_rooms, grunt_dithmenos_smoke_and_mirrors,
          gammafunk_temple_overflow_wave,
          shapermc_ecumenical_altar_totnotflames, grunt_ministairs_10,
          corexii_item_surrounded_by_moat, minivault_23, hex_large,
          nrook_mini_backslash, chequers_serial_rivers_micro_e
D:4:      layout_cave_pods, serial_shops, shop, uniq_menkaure,
          uniq_blork_the_orc

Skill      XL: |  1  2  3  4 |
---------------+-------------+-----
Ranged Weapons | 5 6 |  6.6
Fighting       | 3 |  3.6
Dodging        | |  2.1
Stealth        | |  1.0

Action                     |  1- 3 |  4- 6 || total
---------------------------+-------+-------++-------
   Fire: Shortbow          |   101 |    52 ||   153
         Sling             |       |    32 ||    32
    Use: Scroll            |       |     5 ||     5
 Armour: Leather armour    |    13 |       ||    13
         Ring mail         |       |     7 ||     7
  Dodge: Dodged            |    39 |    24 ||    63

Table legend: (Time is in decaauts)
 A = Elapsed time spent in this place.
 B = Non-inter-level travel time spent in this place.
 C = Inter-level travel time spent in this place.
 D = Time resting spent in this place.
 E = Time spent auto-exploring this place.
 F = Levels seen in this place.
 G = Mean time per level.
                   A        B        C        D        E       F      G
               +--------+--------+--------+--------+--------+-----+--------+
         Total |   2180 |   2108 |     72 |    181 |   1548 |   4 |  545.0 |
       Dungeon |   2180 |   2108 |     72 |    181 |   1548 |   4 |  545.0 |
               +--------+--------+--------+--------+--------+-----+--------+

Top non-repeatable levels by time:
     D:1: 798 daAuts
     D:2: 695 daAuts
     D:3: 660 daAuts
     D:4: 26 daAuts
